 Dungeon Crawl Stone Soup version 0.18.1-8-gdd0e5ea (webtiles) character file.

44 Jerry the Skirmisher (level 3, -14/29 HPs)
             Began as a Demonspawn Fighter on May 23, 2016.
             Demolished by an ogre
             ... wielding a +0 giant club
              (26 damage)
             ... on level 3 of the Dungeon.
             The game lasted 00:02:50 (1199 turns).

Jerry the Skirmisher (Demonspawn Fighter)           Turns: 1199, Time: 00:02:50

Health: -14/29     AC:  6    Str: 17    XL:     3   Next: 39%
Magic:  3/3        EV:  7    Int:  9    God:
Gold:   126        SH:  9    Dex: 12    Spells: 0 memorised, 2 levels left

rFire  . . .     SeeInvis .     a - +0 flail
rCold  + . .     Gourm    .     b - +0 scale mail
rNeg   . . .     Faith    .     c - +0 shield
rPois  .         Spirit   .     (no helmet)
rElec  .         Dismiss  .     (no cloak)
rCorr  .         Reflect  .     (no gloves)
SustAt .         Harm     .     (no boots)
MR     .....                    (no amulet)
Stlth  +.........               (no ring)
                                (no ring)

@: not resistant to hostile enchantments, very unstealthy
A: cold resistance 1, nightstalker 1
a: no special abilities


You were on level 3 of the Dungeon.
You were very hungry.

You visited 1 branch of the dungeon, and saw 4 of its levels.

You collected 126 gold pieces.

Inventory:

Hand Weapons
 a - a +0 flail (weapon)
Missiles
 e - 6 tomahawks (quivered)
Armour
 b - a +0 scale mail (worn)
 c - a +0 shield (worn)
Scrolls
 g - a scroll of fog {unknown}
 h - 2 scrolls of teleportation {unknown}
 i - a scroll of enchant armour {unknown}
 j - a scroll of remove curse {unknown}
 l - a scroll of amnesia {unknown}
 m - a scroll of identify {unknown}
 o - a scroll of blinking {unknown}
 q - 3 scrolls of magic mapping {unknown}
 r - a scroll of fear {unknown}
Potions
 d - a potion of might
 k - a potion of invisibility {unknown}
 n - a potion of flight {unknown}
 p - a potion of lignification {unknown}
Comestibles
 f - a bread ration


   Skills:
 - Level 3.5 Fighting
 + Level 2.1 Maces & Flails
 + Level 3.1 Armour
 - Level 0.3 Dodging
 + Level 2.9 Shields


You had 2 spell levels left.
You didn't know any spells.

Dungeon Overview and Level Annotations

Branches:
Dungeon (4/15)
 Temple: D:4-7

Altars:
Nemelex Xobeh


Innate Abilities, Weirdness & Mutations

Your flesh is cold resistant.
You are slightly more attuned to the shadows.


Message History

You now have 126 gold pieces (gained 18).
You fall through a shaft for 2 floors!
The shaft crumbles and collapses.
You hear the hiss of flowing sand.
There is an entrance to an ossuary on this level.
Hurry and find it before the portal is buried!
An ogre comes into view. It is wielding a giant club.
The ogre shouts!
The ogre hits you but does no damage. You block the ogre's attack.
Found a stone staircase leading up.
An adder comes into view.
Found a glowing rapier.
There is a stone staircase leading up here.
The ogre hits you with a giant club!
Ouch! That really hurt!
You climb upwards.
There is a stone staircase leading down here.
The ogre hits you with a giant club!!
Ouch! That really hurt!
You die...

##
##.##
##>..##
#.@O..#
##...##
##.....
...###
...#
+###


You could see an ogre.

Vanquished Creatures
  An ooze (D:1)
  A worm (D:2)
  2 dart slugs
  2 giant geckos (D:1)
  A ball python (D:1)
  7 goblins
  4 hobgoblins
  2 bats (D:1)
  5 giant newts
  3 kobolds (D:1)
  2 rats
30 creatures vanquished.

Notes
Turn   | Place    | Note
--------------------------------------------------------------
     0 | D:1      | Jerry the Demonspawn Fighter began the quest for the Orb.
     0 | D:1      | Reached XP level 1. HP: 18/18 MP: 1/1
   380 | D:1      | Gained mutation: Your flesh is cold resistant. [demonic ancestry]
   380 | D:1      | Reached XP level 2. HP: 24/24 MP: 2/2
   811 | D:1      | Gained mutation: You are slightly more attuned to the shadows. [demonic ancestry]
   811 | D:1      | Reached XP level 3. HP: 24/29 MP: 3/3
  1014 | D:2      | Found a sparkling altar of Nemelex Xobeh.
  1179 | D:2      | You fall through a shaft for 2 floors!
  1179 | D:4      | Noticed an ogre
  1199 | D:3      | Demolished by an ogre

Skill      XL: |  1  2  3 |
---------------+----------+-----
Maces & Flails | 2 |  2.1
Armour         | 3 |  3.1
Fighting       | |  3.5
Dodging        | |  0.3
Shields        | |  2.9

Action                   || total
-------------------------++-------
Melee: Flail             ||   110
Armor: Scale mail        ||    49
Dodge: Dodged            ||    32
Block: Shield            ||    53
